General information
- name: BNet
- type: Ladder team game (AT/RT)
- host: Battle.net
- saver: dIRTMCWORDUp
map: Mur'gulOasis
- players: 6
- length: 23:55
- speed: Fast
- version: 1.21 W3XP
- replay type:

» download(186 KB)
Players
team 1 (winner)
dIRTMCWORDUp (
purple | 80 APM | 1906 actions | 23:55)
2 Warden
1 Blink
1 Shadow Strike
3 Naga Sea Witch
1 Frost Arrows
2 Forked Lightning
» actions
| Assign group hotkey | 22 | |
| Basic commands | 66 | |
| Build / train | 49 | |
| ESC pressed | 4 | |
| Enter build submenu | 18 | |
| Enter hero's abilities submenu | 5 | |
| Right click | 902 | |
| Select / deselect | 253 | |
| Select group hotkey | 481 | |
| Use ability | 106 | |
1906 total
» units
» upgrades
| Ultravision | 1 | |
| Abolish Magic | 1 | |
| Nature's Blessing | 1 | |
3 total
» buildings
| Altar of Elders | 2 | |
| Moon Well | 6 | |
| Tree of Ages | 2 | |
| Hunter's Hall | 3 | |
| Ancient of Lore | 2 | |
| Ancient of Wind | 1 | |
| Ancient of Wonders | 1 | |
| Tree of Life | 1 | |
18 total
» build order
00:09 Altar of Elders
00:12 Moon Well
02:28 Tree of Ages
04:01 Hunter's Hall
04:02 Moon Well
04:23 Moon Well
04:45 Hunter's Hall
05:50 Ancient of Lore
06:55 Ancient of Wind
09:33 Hunter's Hall
10:13 Moon Well
10:59 Ancient of Wonders
13:10 Ancient of Lore
13:39 Moon Well
14:52 Moon Well
17:08 Tree of Life
17:54 Altar of Elders
22:38 Tree of Ages
» items

»
iggy_the_fisk (
green | 89 APM | 2138 actions | 23:54)
3 Archmage
2 Summon Water Elemental
1 Brilliance Aura
1 Warden
1 Shadow Strike
5 Mountain King
3 Storm Bolt
2 Bash
» actions
| Assign group hotkey | 42 | |
| Basic commands | 61 | |
| Build / train | 79 | |
| Enter build submenu | 20 | |
| Enter hero's abilities submenu | 10 | |
| Right click | 1313 | |
| Select / deselect | 408 | |
| Select group hotkey | 126 | |
| Use ability | 79 | |
2138 total
» units
| Peasant | 10 | |
| Footman | 10 | |
| Sorceress | 13 | |
| Priest | 17 | |
| Mortar Team | 11 | |
| Spell Breaker | 1 | |
62 total
» upgrades
| Sorceress Training | 1 | |
| Priest Training | 1 | |
2 total
» buildings
| Altar of Kings | 1 | |
| Farm | 8 | |
| Barracks | 1 | |
| Scout Tower | 2 | |
| Keep | 1 | |
| Arcane Tower | 2 | |
| Arcane Vault | 1 | |
| Arcane Sanctum | 2 | |
| Blacksmith | 1 | |
| Workshop | 1 | |
| Castle | 1 | |
21 total
» build order
00:05 Altar of Kings
00:19 Farm
00:34 Barracks
00:56 Farm
00:58 Farm
01:52 Farm
02:18 Scout Tower
02:50 Keep
03:19 Arcane Tower
03:43 Arcane Vault
04:14 Farm
05:52 Arcane Sanctum
06:02 Arcane Sanctum
06:33 Scout Tower
08:48 Farm
08:52 Arcane Tower
09:22 Farm
10:12 Farm
13:14 Blacksmith
14:18 Workshop
21:04 Castle
Mata. (
pink | 176 APM | 4197 actions | 23:54)
6 Archmage
3 Summon Water Elemental
2 Brilliance Aura
1 Mass Teleport
5 Mountain King
3 Storm Bolt
2 Bash
2 Paladin
1 Holy Light
1 Devotion Aura
» actions
| Assign group hotkey | 823 | |
| Basic commands | 2 | |
| Build / train | 80 | |
| Enter build submenu | 25 | |
| Enter hero's abilities submenu | 15 | |
| Remove unit from queue | 6 | |
| Right click | 2059 | |
| Select / deselect | 716 | |
| Select group hotkey | 368 | |
| Use ability | 103 | |
4197 total
» units
| Peasant | 9 | |
| Footman | 6 | |
| Gryphon Rider | 12 | |
27 total
» upgrades
| Masonry | 1 | |
| Swords | 1 | |
| Animal War Training | 1 | |
| Storm Hammers | 1 | |
| Armor | 1 | |
5 total
» buildings
| Altar of Kings | 1 | |
| Barracks | 1 | |
| Farm | 12 | |
| Keep | 2 | |
| Lumber Mill | 1 | |
| Gryphon Aviary | 3 | |
| Blacksmith | 1 | |
| Castle | 3 | |
| Town Hall | 1 | |
25 total
» build order
00:04 Altar of Kings
00:19 Barracks
00:34 Farm
01:21 Farm
02:00 Farm
02:37 Keep
02:37 Keep
03:53 Lumber Mill
05:28 Gryphon Aviary
05:34 Blacksmith
05:45 Castle
05:47 Farm
06:13 Gryphon Aviary
06:16 Gryphon Aviary
08:54 Farm
08:56 Farm
08:57 Farm
09:32 Farm
09:34 Farm
12:13 Town Hall
22:52 Farm
22:52 Farm
22:53 Farm
» items
team 2 (loser)
CRUSTY.WAFFlE (
red | 86 APM | 2049 actions | 23:54)
5 Blademaster
3 Wind Walk
2 Critical Strike
5 Shadow Hunter
2 Hex
3 Healing Wave
1 Demon Hunter
1 Metamorphosis
» actions
| Assign group hotkey | 61 | |
| Build / train | 95 | |
| ESC pressed | 6 | |
| Enter build submenu | 17 | |
| Enter hero's abilities submenu | 11 | |
| Give item / drop item | 1 | |
| Right click | 1059 | |
| Select / deselect | 319 | |
| Select group hotkey | 324 | |
| Use ability | 156 | |
2049 total
» units
| Peon | 9 | |
| Grunt | 6 | |
| Troll Headhunter/Berserker | 12 | |
| Troll Witch Doctor | 4 | |
| Demolisher | 2 | |
| Tauren | 4 | |
| Troll Batrider | 4 | |
| Wind Rider | 5 | |
46 total
» upgrades
| Ranged Weapons | 3 | |
| Troll Regeneration | 1 | |
| Witch Doctor Training | 2 | |
| Armor | 3 | |
| Berserker Upgrade | 1 | |
| Burning Oil | 1 | |
| Reinforced Defenses | 1 | |
| Pulverize | 1 | |
| Envenomed Spears | 1 | |
14 total
» buildings
| Altar of Storms | 1 | |
| Orc Burrow | 7 | |
| Barracks | 2 | |
| War Mill | 1 | |
| Voodoo Lounge | 1 | |
| Stronghold | 3 | |
| Fortress | 3 | |
| Spirit Lodge | 1 | |
| Tauren Totem | 1 | |
| Beastiary | 2 | |
22 total
» build order
00:09 Altar of Storms
00:22 Orc Burrow
00:38 Barracks
01:31 Orc Burrow
02:27 War Mill
02:38 Barracks
02:59 Orc Burrow
03:01 Voodoo Lounge
05:36 Stronghold
05:36 Stronghold
05:36 Stronghold
06:44 Orc Burrow
06:46 Orc Burrow
08:13 Fortress
08:13 Fortress
08:27 Spirit Lodge
09:36 Orc Burrow
10:42 Orc Burrow
12:52 Tauren Totem
19:22 Beastiary
19:23 Beastiary
» items
| Healing Salve | 2 | |
| Lesser Clarity Potion | 4 | |
| Scroll of Speed | 1 | |
| Scroll of Town Portal | 1 | |
| Orb of Lightning | 1 | |
| Potion of Healing | 1 | |
10 total
RANDOM.WAFFLE (
orange | 44 APM | 1045 actions | 23:54)
4 Blademaster
2 Wind Walk
2 Critical Strike
2 Shadow Hunter
1 Healing Wave
1 Serpent Ward
» actions
| Assign group hotkey | 21 | |
| Basic commands | 26 | |
| Build / train | 45 | |
| Enter build submenu | 11 | |
| Enter hero's abilities submenu | 7 | |
| Give item / drop item | 3 | |
| Right click | 567 | |
| Select / deselect | 207 | |
| Select group hotkey | 131 | |
| Use ability | 27 | |
1045 total
» units
» upgrades
» buildings
| Altar of Storms | 1 | |
| Orc Burrow | 5 | |
| Barracks | 1 | |
| War Mill | 1 | |
| Stronghold | 4 | |
| Voodoo Lounge | 1 | |
| Fortress | 1 | |
14 total
» build order
00:18 Altar of Storms
00:34 Orc Burrow
00:50 Barracks
01:35 Orc Burrow
02:34 Orc Burrow
03:32 Orc Burrow
03:48 War Mill
05:23 Orc Burrow
07:04 Stronghold
07:05 Stronghold
07:05 Stronghold
08:39 Voodoo Lounge
11:40 Fortress
» items
| Healing Salve | 1 | |
| Orb of Lightning | 3 | |
4 total
SHABBY.WAFFlE (
yellow | 75 APM | 1789 actions | 23:54)
5 Demon Hunter
3 Mana Burn
1 Evasion
1 Immolation
4 Naga Sea Witch
2 Forked Lightning
2 Frost Arrows
» actions
| Assign group hotkey | 27 | |
| Build / train | 54 | |
| Enter build submenu | 19 | |
| Enter hero's abilities submenu | 8 | |
| Right click | 1235 | |
| Select / deselect | 196 | |
| Select group hotkey | 197 | |
| Use ability | 53 | |
1789 total
» units
| Wisp | 11 | |
| Huntress | 4 | |
| Dryad | 23 | |
| Archer | 2 | |
40 total
» upgrades
» buildings
| Altar of Elders | 1 | |
| Moon Well | 8 | |
| Ancient of War | 1 | |
| Hunter's Hall | 1 | |
| Tree of Ages | 1 | |
| Ancient Protector | 5 | |
| Ancient of Lore | 2 | |
19 total
» build order
00:06 Altar of Elders
00:19 Moon Well
00:52 Ancient of War
01:56 Hunter's Hall
02:04 Moon Well
03:11 Tree of Ages
03:23 Ancient Protector
05:24 Moon Well
06:02 Ancient of Lore
06:29 Ancient of Lore
06:32 Moon Well
08:26 Moon Well
09:06 Moon Well
10:26 Moon Well
13:07 Moon Well
19:15 Ancient Protector
19:17 Ancient Protector
19:20 Ancient Protector
19:32 Ancient Protector
Chat log
(00:03 / Allies) iggy_the_fisk: lol
(00:04 / All) dIRTMCWORDUp: are you guys going to disc hack agian
(00:12 / All) Mata.: do it now then cause we dont mind another draw
(00:15 / Allies) dIRTMCWORDUp: my contact moved
(00:16 / Allies) dIRTMCWORDUp: fux
(00:39 / Allies) Mata.: so what are we going
(00:41 / Allies) Mata.: doing
(00:47 / Allies) dIRTMCWORDUp: cant see shit and mah eye hurts
(00:48 / Allies) Mata.: scout nearbies, if they there we tower,
(00:51 / Allies) dIRTMCWORDUp: can i feed
(00:55 / Allies) Mata.: stop being a faggot nerd that wears contacts
(01:01 / Allies) dIRTMCWORDUp: maybe i wear glasses
(01:03 / Allies) iggy_the_fisk: shittily at that
(01:17 / Allies) Mata.: you can feed me for gryphs i guess
(01:28 / Allies) iggy_the_fisk: sounds fucking solid
(01:39 / Allies) dIRTMCWORDUp: thought ti was hack again LOL
(01:43 / Allies) iggy_the_fisk: yea
(01:48 / Allies) iggy_the_fisk: sweet salvation
(02:21 / Allies) dIRTMCWORDUp: yo mista mata use my hero
(02:24 / Allies) dIRTMCWORDUp: gonna tech ad fix my eye
(02:27 / Allies) Mata.: dont wanna
(02:38 / Allies) dIRTMCWORDUp: iggy use brb
(03:31 / Allies) Mata.: iggy you got caster?
(03:36 / Allies) iggy_the_fisk: yea
(03:57 / Allies) dIRTMCWORDUp: ok back
(04:02 / Allies) Mata.: your base gone noobass
(04:03 / Allies) Mata.: focus heroes
(05:50 / Allies) Mata.: gimme lumber
(06:05 / Allies) Mata.: for being afk you sure dont have any resources
(06:43 / Allies) Mata.: da iggster has to tp with milit
(06:54 / Allies) iggy_the_fisk: 70%
(06:56 / Allies) Mata.: wardn
(06:58 / Allies) Mata.: and repair
(07:25 / Allies) dIRTMCWORDUp: need lum for yad
(08:48 / Allies) Mata.: need some anti yad
(08:51 / Allies) Mata.: you guys got gold?
(09:25 / Allies) Mata.: but really yad is gonna be problem
(09:28 / Allies) dIRTMCWORDUp: i got yad
(09:43 / Allies) Mata.: well i got grypho
(10:11 / All) SHABBY.WAFFlE: nice
(10:51 / Allies) Mata.: dont die pleaze
(11:06 / Allies) Mata.: what did i tell you not to do
(11:29 / Allies) Mata.: i'll tp
(11:44 / Allies) Mata.: need anti yad
(11:45 / Allies) Mata.: right now
(12:25 / All) Mata.: disc
(12:26 / All) Mata.: gogo
(13:05 / Allies) dIRTMCWORDUp: need some rifle or mort iggy
(13:38 / Allies) Mata.: yea some mort
(14:02 / Allies) Mata.: need gold
(14:37 / Allies) dIRTMCWORDUp: can you clear this mayb
(14:55 / Allies) Mata.: i'll try
(16:14 / Allies) dIRTMCWORDUp: red is stuck
(16:19 / Allies) dIRTMCWORDUp: sh
(16:29 / Allies) dIRTMCWORDUp: gold
(16:48 / Allies) Mata.: man
(16:50 / Allies) Mata.: no gold or nothing
(17:34 / Allies) Mata.: what the hell do you want really
(17:42 / Allies) dIRTMCWORDUp: was just alerting. ..
(18:01 / Allies) Mata.: keep mortars alive pleaze
(18:11 / Allies) iggy_the_fisk: i will guard them with magic
(18:28 / Allies) Mata.: no just dont let them die
(19:21 / Allies) iggy_the_fisk: bm
(19:22 / Allies) iggy_the_fisk: red
(21:55 / Allies) dIRTMCWORDUp: altar
(21:58 / Allies) dIRTMCWORDUp: kill atlar with mort
(23:05 / Allies) Mata.: wach mort
(23:32 / All) dIRTMCWORDUp: disc us
(23:33 / Allies) iggy_the_fisk: i do not have a fucking clue
(23:34 / Allies) iggy_the_fisk: what is going on
(23:36 / Allies) iggy_the_fisk: but i like it